 Dungeon Crawl Stone Soup version 0.18.1-6-gd335043 (webtiles) character file.

81 shmeve the Skirmisher (level 4, -11/35 HPs)
             Began as a Demonspawn Berserker on May 15, 2016.
             Was a Believer of Trog.
             Killed by divine providence
             ... invoked by an orc priest
              (15 damage)
             ... on level 3 of the Dungeon.
             The game lasted 00:04:44 (2103 turns).

shmeve the Skirmisher (Demonspawn Berserker)        Turns: 2103, Time: 00:04:45

Health: -11/35     AC: 17    Str: 19    XL:     4   Next: 20%
Magic:  4/4        EV:  6    Int:  8    God:    Trog [**....]
Gold:   174        SH:  0    Dex: 12    Spells: 0 memorised, 3 levels left

rFire  . . .     SeeInvis .     a - +0 hand axe
rCold  . . .     Gourm    .     m - +0 plate armour
rNeg   . . .     Faith    .     (no shield)
rPois  .         Spirit   .     i - +2 hat
rElec  .         Dismiss  .     q - +0 cloak (curse)
rCorr  .         Reflect  .     (no gloves)
SustAt .         Harm     .     (no boots)
MR     .....                    (no amulet)
Stlth  ..........               (no ring)
                                d - +3 ring of protection

@: not resistant to hostile enchantments, extremely unstealthy
A: claws 1, nightstalker 2
a: Berserk, Trog's Hand, Burn Spellbooks, Renounce Religion


You were on level 3 of the Dungeon.
You worshipped Trog.
Trog was pleased with you.
You were very hungry.

You visited 1 branch of the dungeon, and saw 3 of its levels.

You collected 174 gold pieces.

Inventory:

Hand Weapons
 a - a +0 hand axe (weapon)
Armour
 i - a +2 hat (worn)
 m - a +0 plate armour (worn)
 q - a cursed +0 cloak (worn)
Jewellery
 d - a +3 ring of protection (left claw)
Scrolls
 e - 3 scrolls of identify {unknown}
 f - 3 scrolls of teleportation {unknown}
 h - a scroll of fear {unknown}
 k - 3 scrolls of amnesia {unknown}
 l - 2 scrolls of magic mapping {unknown}
 o - a scroll of enchant armour {unknown}
 p - 2 scrolls of remove curse {unknown}
Potions
 b - a potion of heal wounds {unknown}
 j - a potion of berserk rage {unknown}
 n - a potion of mutation {unknown}
Comestibles
 c - 2 bread rations
 g - 4 meat rations


   Skills:
 + Level 3.3 Fighting
 + Level 3.1 Axes
 + Level 2.1 Armour
 + Level 2.8 Dodging
 + Level 1.2 Stealth


You had 3 spell levels left.
You didn't know any spells.

Dungeon Overview and Level Annotations

Branches:
Dungeon (3/15)

Altars:
The Shining One


Innate Abilities, Weirdness & Mutations

You have sharp fingernails.
You are significantly more attuned to the shadows.


Message History

Unknown command.
You are too injured to fight recklessly!
Unknown command.
You are too injured to fight recklessly!
Unknown command.
You're too hungry to go berserk.
Unknown command.
You hit the orc priest but do no damage.
The orc priest is almost dead.
You hit the quokka.
The quokka is severely wounded.
You slash the orc!
You kill the orc!
Trog accepts your kill.
You hit the orc but do no damage.
The quokka bites you but does no damage.
The orc closely misses you.
The orc priest calls down the wrath of Beogh upon you.
Beogh smites you!
You die...

# #### #..' ...#$#+##
#.## ........# #.##
#.#....# #.#
#+#'....# #.#
....roo.## ####.#
.....@...# #....#
.....†...#######....#
..............[.....#
######....###########
####.# #.. ###. .# #


You could see an orc priest, an orc and a quokka.

Vanquished Creatures
  An adder (D:3)
  A worm (D:2)
  A dart slug (D:1)
  2 giant geckos (D:1)
  2 orcs (D:3)
  3 giant cockroaches
  10 goblins
  4 hobgoblins (D:1)
  4 jackals (D:1)
  4 kobolds
  2 quokkas
  3 ball pythons (D:1)
  12 bats
  2 giant newts
  10 rats
61 creatures vanquished.

Notes
Turn   | Place    | Note
--------------------------------------------------------------
     0 | D:1      | shmeve the Demonspawn Berserker began the quest for the Orb.
     0 | D:1      | Reached XP level 1. HP: 18/18 MP: 1/1
   221 | D:1      | Gained mutation: You are slightly more attuned to the shadows. [demonic ancestry]
   221 | D:1      | Reached XP level 2. HP: 24/24 MP: 2/2
   990 | D:1      | Reached ** piety under Trog
  1016 | D:1      | Gained mutation: You have sharp fingernails. [demonic ancestry]
  1016 | D:1      | Reached XP level 3. HP: 29/29 MP: 3/3
  1564 | D:2      | Reached skill level 1 in Stealth
  1855 | D:3      | Found a glowing golden altar of the Shining One.
  1961 | D:3      | Gained mutation: You are significantly more attuned to the shadows. [demonic ancestry]
  1961 | D:3      | Reached XP level 4. HP: 22/35 MP: 4/4
  2103 | D:3      | Killed from afar by an orc priest

Skill      XL: |  1  2  3 |
---------------+----------+-----
Armour         | 2 |  2.1
Dodging        | 2 |  2.8
Axes           | 3 |  3.1
Stealth        | 1 |  1.2
Fighting       | |  3.3

Action                   |  1- 3 |  4- 6 || total
-------------------------+-------+-------++-------
Melee: Hand axe          |   189 |    15 ||   204
 Stab: Sleeping          |     8 |       ||     8
  Eat: Chunk             |     2 |     1 ||     3
Armor: Animal skin       |    47 |       ||    47
       Plate armour      |   112 |    32 ||   144
Dodge: Dodged            |   129 |     6 ||   135
